[Event "Titled Tuesday Blitz July 11 Late 2023"]
[White "Bjelobrk, Igor"]
[Black "Ardila, Oscar Humberto"]
[WhiteFideId "4300726"]
[BlackFideId "4404742"]
[WhiteElo "2633"]
[BlackElo "2281"]
[Result "1-0"]
[Round "2"]
[TimeControl "180+2"]
[Date "2023.07.11"]
[WhiteClock "0:00:45"]
[BlackClock "0:00:53"]
[Board "81"]

1. d4 Nf6 2. c4 e6 3. g3 Bb4+ 4. Bd2 Qe7 5. Bg2 O-O 6. e3 Bxd2+ 7. Nxd2 d6 8. Ne2 Nbd7 9. O-O e5 10. Nc3 c6 11. d5 c5 12. a3 Rd8 13. b4 b6 14. Rb1 Ba6 15. Qa4 Bb7 16. Nb3 Rdc8 17. Nd2 cxb4 18. axb4 a5 19. Rfc1 axb4 20. Qxb4 Ra6 21. Bf1 Nc5 22. Nb3 Nfd7 23. Ra1 Rca8 24. Nxc5 Nxc5 25. Rxa6 Rxa6 26. Rb1 f5 27. Qb2 Bc8 28. Ra1 Qa7 29. Nb5 Qa8 30. Rxa6 Qxa6 31. Nxd6 Bd7 32. Qxe5 Qa1 33. Qxa1 1-0


[Site "https://www.chess.com"]

[Event "Titled Tuesday Blitz July 11 Late 2023"]
[White "Marchesich, Giovanni"]
[Black "Martinez Ramirez, Lennis"]
[WhiteFideId "2824790"]
[BlackFideId "3509079"]
[WhiteElo "2274"]
[BlackElo "2631"]
[Result "0-1"]
[Round "2"]
[TimeControl "180+2"]
[Date "2023.07.11"]
[WhiteClock "0:02:21"]
[BlackClock "0:02:17"]
[Board "82"]

1. d4 Nf6 2. Nc3 d5 3. Bf4 c6 4. e3 Qb6 5. a3 Bf5 6. Nf3 Qxb2 7. Na4 Qxc2 8. Qxc2 Bxc2 9. Nc3 Nbd7 10. Kd2 Bg6 11. Nh4 e6 12. f3 b5 13. Nxg6 hxg6 14. e4 Nb6 15. a4 b4 16. Nb1 dxe4 17. a5 Nbd5 18. Be5 e3+ 19. Kd3 Nd7 20. Bg3 c5 21. Be1 Rc8 22. dxc5 Nxc5+ 23. Ke2 Nb3 24. Ra2 Nc1+ 0-1


[Site "https://www.chess.com"]

[Event "Titled Tuesday Blitz July 11 Late 2023"]
[White "Grebeniuk, Semen"]
[Black "rionelG"]
[WhiteFideId "14117509"]
[WhiteElo "2630"]
[BlackElo "2258"]
[Result "1-0"]
[Round "2"]
[TimeControl "180+2"]
[Date "2023.07.11"]
[WhiteClock "0:00:03"]
[BlackClock "0:00:00"]
[Board "83"]

1. d4 Nf6 2. Nf3 g6 3. Bg5 Bg7 4. c3 O-O 5. Nbd2 h6 6. Bh4 g5 7. Bg3 Nh5 8. e4 d6 9. Be2 c5 10. dxc5 Nxg3 11. hxg3 dxc5 12. Qc2 Nc6 13. a4 Qc7 14. O-O Be6 15. Rfe1 Rad8 16. Bc4 Bxc4 17. Nxc4 Ne5 18. Nfxe5 Bxe5 19. Rad1 e6 20. Qe2 Kg7 21. Qh5 Rxd1 22. Rxd1 Bf6 23. Ne3 Rd8 24. Rxd8 Qxd8 25. Ng4 Qh8 26. Ne3 Qh7 27. Qf3 Qg6 28. Nc4 Be7 29. g4 Qf6 30. Qxf6+ Bxf6 31. f3 Bd8 32. Kf2 Bc7 33. Ke3 Kg6 34. Kd3 f5 35. Ne3 fxg4 36. fxg4 h5 37. Kc4 b6 38. Kb5 Bf4 39. Nc4 hxg4 40. Kc6 Kh5 41. Kb7 Kh4 42. Kxa7 Kg3 43. Kxb6 Kxg2 44. a5 Kf1 45. a6 g3 46. a7 g2 47. a8=Q g1=Q 48. Qe8 e5 49. Qe6 g4 50. b3 g3 51. Qd5 g2 52. Qd3+ Kf2 53. Qc2+ Kg3 54. Qd3+ Kh2 55. Qe2 Qf1 56. Qh5+ Kg1 57. Qg4 Kf2 58. Nd6 g1=Q 59. Qe6 Qgg2 60. Nc4 Qxe4 61. Qh6 1-0


[Site "https://www.chess.com"]

[Event "Titled Tuesday Blitz July 11 Late 2023"]
[White "Rostomyan, Mikayel"]
[Black "SicilianPanzer"]
[WhiteFideId "13313754"]
[WhiteElo "2627"]
[BlackElo "2257"]
[Result "1-0"]
[Round "2"]
[TimeControl "180+2"]
[Date "2023.07.11"]
[WhiteClock "0:00:15"]
[BlackClock "0:00:08"]
[Board "84"]

1. d4 Nf6 2. Nf3 c5 3. d5 e6 4. Nc3 exd5 5. Nxd5 Nxd5 6. Qxd5 Be7 7. h4 O-O 8. Qh5 Qb6 9. e4 Qg6 10. Qd5 Nc6 11. h5 Qe6 12. h6 Qxd5 13. exd5 Nb4 14. hxg7 Re8 15. Bd3 Bf6+ 16. Kd1 Nxd3 17. cxd3 Bxg7 18. Ng5 Re5 19. d6 Rd5 20. Ne4 Rxd3+ 21. Ke2 Rd4 22. f3 f5 23. Nxc5 Rxd6 24. Bf4 Rc6 25. Rac1 b6 26. Nd3 Ba6 27. Rcd1 Re8+ 28. Kd2 Rec8 29. Nb4 Rc4 30. Nxa6 Rxf4 31. Rc1 Rd4+ 32. Ke3 Re8+ 33. Kf2 Rd2+ 34. Kg3 Rxb2 35. Nc7 Be5+ 36. Kh3 Bxc7 37. Rxc7 Rxa2 38. Rxd7 Ra4 39. Kg3 a5 40. Rhxh7 Rb4 41. Rdg7+ Kf8 42. Rb7 a4 43. Rh8# 1-0


[Site "https://www.chess.com"]

[Event "Titled Tuesday Blitz July 11 Late 2023"]
[White "Rowe, Duane"]
[Black "Mendez Fortes, Eduardo Jesus"]
[WhiteFideId "7400268"]
[BlackFideId "3502376"]
[WhiteElo "2238"]
[BlackElo "2626"]
[Result "1-0"]
[Round "2"]
[TimeControl "180+2"]
[Date "2023.07.11"]
[WhiteClock "0:00:16"]
[BlackClock "0:00:20"]
[Board "85"]

1. e3 d5 2. Nf3 Nf6 3. Be2 c5 4. d4 cxd4 5. exd4 Nc6 6. Bf4 e6 7. Nc3 Bd7 8. Nb5 Rc8 9. O-O Qb6 10. c4 dxc4 11. Nc3 Nb4 12. Ne5 Bc6 13. Nxc4 Qd8 14. Ne5 Bd6 15. Nb5 Bxb5 16. Bxb5+ Kf8 17. Qa4 Qb6 18. Nd7+ Nxd7 19. Bxd6+ Qxd6 20. Bxd7 Rd8 21. Bb5 a6 22. Be2 Nc6 23. Bf3 Qxd4 24. Bxc6 bxc6 25. Qxa6 Qd5 26. Rfc1 Ke7 27. a4 Rb8 28. Rd1 Qf5 29. Qxc6 Rhc8 30. Qd6+ Ke8 31. Qd7+ Kf8 32. b4 Qe4 33. Rac1 Re8 34. Rc7 Qf5 35. Qd4 Kg8 36. b5 h6 37. Rd3 Kh7 38. h4 e5 39. Qd7 Qg6 40. Rg3 Qb1+ 41. Kh2 Rf8 42. Qd5 Rbe8 43. Rxf7 Rxf7 44. Qxf7 Rf8 45. Qxg7# 1-0


[Site "https://www.chess.com"]

[Event "Titled Tuesday Blitz July 11 Late 2023"]
[White "Ovchinnikov, Vsevolod"]
[Black "BrandonJiang123456"]
[WhiteFideId "24176842"]
[WhiteElo "2624"]
[BlackElo "2234"]
[Result "1-0"]
[Round "2"]
[TimeControl "180+2"]
[Date "2023.07.11"]
[WhiteClock "0:00:06"]
[BlackClock "0:00:00"]
[Board "86"]

1. d4 e6 2. c4 f5 3. Nf3 Nf6 4. g3 Be7 5. Bg2 O-O 6. O-O d6 7. Nc3 Ne4 8. Qc2 Nxc3 9. Qxc3 Bf6 10. Be3 Nc6 11. Rad1 Qe8 12. b4 e5 13. Rfe1 e4 14. Nd2 a5 15. b5 Ne7 16. f3 d5 17. cxd5 Nxd5 18. Qb3 Be6 19. fxe4 a4 20. Qa3 Be7 21. Qd3 Nb4 22. Qc3 Nxa2 23. Qxc7 fxe4 24. Nxe4 a3 25. d5 Bf5 26. Nf2 Bd8 27. Qc5 Rc8 28. Qxa3 Nc3 29. Bd4 Nxd1 30. Nxd1 Qf7 31. e4 Bd7 32. b6 Be7 33. Qe3 Bf6 34. e5 Bd8 35. e6 Qe8 36. exd7 Qxd7 37. Qe6+ Qxe6 38. dxe6 Be7 39. Bxb7 Rc2 40. Be4 Rd8 41. Bxc2 Rxd4 42. Be4 Rd2 43. b7 Bc5+ 44. Kh1 Rb2 45. e7 Bxe7 46. Bd5+ Kf8 47. Nxb2 1-0


[Site "https://www.chess.com"]

[Event "Titled Tuesday Blitz July 11 Late 2023"]
[White "Schachpanda_Youtube"]
[Black "Kantans, Toms"]
[BlackFideId "11602945"]
[WhiteElo "2223"]
[BlackElo "2623"]
[Result "0-1"]
[Round "2"]
[TimeControl "180+2"]
[Date "2023.07.11"]
[WhiteClock "0:00:00"]
[BlackClock "0:02:09"]
[Board "87"]

1. e4 c5 2. d4 cxd4 3. c3 Nf6 4. e5 Nd5 5. Qxd4 e6 6. Nf3 Nc6 7. Qe4 f5 8. Qe2 Qc7 9. c4 Bb4+ 10. Bd2 Nf4 11. Qe3 Bxd2+ 12. Nbxd2 Ng6 13. O-O-O Ngxe5 14. Kb1 O-O 15. Nxe5 Nxe5 16. f4 Ng4 17. Qg3 b6 18. h3 Nf6 19. Be2 Bb7 20. Bf3 Ne4 21. Bxe4 fxe4 22. Rhe1 Qxf4 23. Qc3 Rac8 24. Rf1 Qg5 25. Rxf8+ Rxf8 26. Qd4 d5 27. cxd5 exd5 28. Rc1 Rf7 29. Nf1 Qxg2 30. Ne3 Qxh3 31. Nxd5 Qd3+ 32. Qxd3 exd3 33. Nb4 h5 34. Nxd3 Be4 35. Kc2 Rf3 0-1


[Site "https://www.chess.com"]

[Event "Titled Tuesday Blitz July 11 Late 2023"]
[White "Di Berardino, Diego Rafael"]
[Black "Ankerst, Mihael"]
[WhiteFideId "2105446"]
[BlackFideId "14602369"]
[WhiteElo "2620"]
[BlackElo "2218"]
[Result "1-0"]
[Round "2"]
[TimeControl "180+2"]
[Date "2023.07.11"]
[WhiteClock "0:00:04"]
[BlackClock "0:00:00"]
[Board "88"]

1. d4 Nf6 2. c4 g6 3. Nc3 Bg7 4. e4 d6 5. Be2 O-O 6. Nf3 Na6 7. O-O e5 8. Be3 c6 9. d5 Ng4 10. Bg5 f6 11. Bc1 f5 12. Ng5 Nf6 13. Bf3 f4 14. a3 h6 15. Ne6 Bxe6 16. dxe6 Nc5 17. Bg4 Qe7 18. Bh3 Ncxe4 19. Nxe4 Nxe4 20. Qd3 Ng5 21. Qxg6 Rf6 22. Qc2 Nxh3+ 23. gxh3 Qxe6 24. f3 Qxh3 25. Rf2 Qf5 26. Qb3 Rg6+ 27. Kh1 Kh8 28. Bd2 Rg8 29. Qxb7 Bf6 30. Qxc6 Bh4 31. Re2 Qg5 32. h3 Bg3 33. Qd7 Qh5 34. Rf1 R6g7 35. Qe6 Rg6 36. Qd7 a6 37. Bc3 R8g7 38. Qc8+ Kh7 39. c5 dxc5 40. Bxe5 Rg5 41. Bxg7 Rxg7 42. Qe6 Qg5 43. Qe4+ Kh8 44. Qe8+ Kh7 45. Qe5 Qh4 46. Qe6 Kh8 47. Qc8+ Kh7 48. Qf5+ Rg6 49. Qd7+ Rg7 50. Qf5+ Rg6 51. Rd2 h5 52. Rd7+ Kh6 53. Rc7 1-0


[Site "https://www.chess.com"]

[Event "Titled Tuesday Blitz July 11 Late 2023"]
[White "cycygogne"]
[Black "Banzea, Alexandru-Bogdan"]
[BlackFideId "1232622"]
[WhiteElo "2128"]
[BlackElo "2619"]
[Result "0-1"]
[Round "2"]
[TimeControl "180+2"]
[Date "2023.07.11"]
[WhiteClock "0:00:19"]
[BlackClock "0:00:34"]
[Board "89"]

1. e4 c6 2. d4 d5 3. Nc3 dxe4 4. Nxe4 Nf6 5. Ng3 g6 6. Nf3 Bg7 7. c3 c5 8. Be2 cxd4 9. cxd4 O-O 10. O-O Nc6 11. Be3 Bg4 12. Qd2 Qd7 13. h3 Bxf3 14. Bxf3 Rad8 15. Rfd1 Nd5 16. Rac1 Nxe3 17. fxe3 Bh6 18. Rc3 f5 19. Ne2 Ne5 20. Rdc1 Nxf3+ 21. gxf3 e5 22. Rc7 Qd5 23. Re7 Qxf3 24. Rxe5 Qxh3 25. Rc7 Rfe8 26. Qa5 Bxe3+ 27. Rxe3 Qxe3+ 0-1


[Site "https://www.chess.com"]

[Event "Titled Tuesday Blitz July 11 Late 2023"]
[White "gordonzyxu"]
[Black "Goldin, Alexander"]
[BlackFideId "2019540"]
[WhiteElo "1930"]
[BlackElo "2619"]
[Result "1-0"]
[Round "2"]
[TimeControl "180+2"]
[Date "2023.07.11"]
[WhiteClock "0:00:46"]
[BlackClock "0:00:00"]
[Board "90"]

1. e4 c5 2. Nf3 Nc6 3. Bb5 g6 4. O-O Bg7 5. c3 Nf6 6. Re1 O-O 7. d4 cxd4 8. cxd4 d5 9. e5 Ne4 10. Bxc6 bxc6 11. Be3 Rb8 12. Qc1 Qb6 13. b3 f6 14. Nbd2 Bf5 15. Nh4 fxe5 16. Nxf5 gxf5 17. Nxe4 fxe4 18. dxe5 d4 19. Qc4+ Kh8 20. Bxd4 Qb4 21. Qxb4 Rxb4 22. Bc5 Rb7 23. Rxe4 Rd8 24. g3 Rd2 25. Kf1 Rbd7 26. a4 Rb2 27. Re3 a6 28. Rae1 Kg8 29. e6 Rb7 30. Rd3 R2xb3 31. Rd8+ Bf8 32. Ra8 Rc3 33. Be3 a5 34. Bh6 Rf3 35. Kg2 Rf6 36. Bg5 Rf5 37. Bh6 Rf6 38. Bd2 Rf5 39. g4 Rb6 40. gxf5 1-0


[Site "https://www.chess.com"]

[Event "Titled Tuesday Blitz July 11 Late 2023"]
[White "Sarana, Alexey"]
[Black "Tsukerman, Julia"]
[WhiteFideId "24133795"]
[BlackFideId "2621649"]
[WhiteElo "3045"]
[BlackElo "2092"]
[Result "1-0"]
[Round "2"]
[TimeControl "180+2"]
[Date "2023.07.11"]
[WhiteClock "0:02:21"]
[BlackClock "0:00:37"]
[Board "91"]

1. d4 d5 2. c4 e6 3. Nc3 Be7 4. cxd5 exd5 5. Bf4 c6 6. e3 Nf6 7. Bd3 Nbd7 8. Nf3 Nh5 9. Be5 Bf6 10. g4 Bxe5 11. dxe5 Nc5 12. gxh5 Bg4 13. Be2 Bxh5 14. Rg1 O-O 15. Nd4 Bg6 16. b4 Nd7 17. f4 Qh4+ 18. Kd2 Be4 19. Bf3 Qxh2+ 20. Rg2 Qh3 21. Nxe4 dxe4 22. Bxe4 f5 23. Bf3 c5 24. Ne6 1-0


[Site "https://www.chess.com"]

[Event "Titled Tuesday Blitz July 11 Late 2023"]
[White "Srinath, Rao S.V."]
[Black "Oparin, Grigoriy"]
[WhiteFideId "5028876"]
[BlackFideId "24125890"]
[WhiteElo "2505"]
[BlackElo "2980"]
[Result "0-1"]
[Round "2"]
[TimeControl "180+2"]
[Date "2023.07.11"]
[WhiteClock "0:00:00"]
[BlackClock "0:00:07"]
[Board "92"]

1. e4 c6 2. d4 d5 3. f3 Qb6 4. Nc3 e6 5. a3 Nf6 6. e5 Nfd7 7. f4 c5 8. Nf3 Nc6 9. Be3 cxd4 10. Nxd4 Bc5 11. Na4 Qa5+ 12. c3 Bxd4 13. Bxd4 Nxd4 14. Qxd4 O-O 15. Bd3 f6 16. O-O Qc7 17. exf6 Rxf6 18. c4 Nb6 19. Nxb6 Qxb6 20. c5 Qc7 21. Rae1 Bd7 22. Re5 Raf8 23. g3 h6 24. Rfe1 Kh8 25. b4 a6 26. Bc2 Kg8 27. Qd3 b6 28. Qh7+ Kf7 29. Bd1 bxc5 30. Bh5+ Ke7 31. Qxg7+ Kd8 32. bxc5 Qxc5+ 33. Kh1 Qxa3 34. Rb1 Kc7 35. Ree1 Kd6 36. Rec1 Qa5 37. Qh7 d4 38. Qc2 Qd5+ 39. Kg1 Bc6 40. Kf1 Qh1+ 41. Ke2 Qg2+ 42. Kd3 Qxc2+ 43. Rxc2 Bb5+ 44. Kxd4 Rf5 45. Bf3 e5+ 46. Ke3 exf4+ 47. gxf4 Rxf4 48. Rd2+ Kc7 49. Be2 R4f5 50. Bd3 Re5+ 51. Kd4 Rfe8 52. Bxb5 axb5 53. Rc2+ Kb6 54. Rg2 R8e6 55. Kd3 Rd5+ 56. Kc3 Rc6+ 57. Kb4 Rd4+ 58. Kb3 Rh4 59. Rd1 Rf6 60. Kb2 Kc5 61. Rd8 Kb4 62. Rc2 Rf3 63. Rd5 Rfh3 64. Re2 Rxh2 65. Rd4+ Rxd4 66. Rxh2 Rd6 67. Rh4+ Kc5 68. Rh5+ Kc4 69. Kc2 b4 70. Rh4+ Kb5 71. Kb3 Rd3+ 72. Kc2 Rd6 73. Kb3 Kc5 74. Rh5+ Kd4 75. Kxb4 Ke4 76. Kc5 Ra6 77. Rh1 Kf4 78. Kd5 Kg4 79. Ke4 h5 80. Rg1+ Kh3 81. Kf3 Rf6+ 82. Ke3 h4 83. Rg8 Kh2 84. Ke2 h3 85. Ke1 Kh1 86. Ke2 Ra6 87. Kf1 Ra1+ 88. Kf2 Ra2+ 89. Kf1 Ra7 90. Kf2 Rf7+ 91. Ke2 Kh2 92. Ke1 Rf3 93. Ke2 Rg3 94. Rh8 Kg2 95. Rf8 h2 0-1


[Site "https://www.chess.com"]

[Event "Titled Tuesday Blitz July 11 Late 2023"]
[White "Pranav, V"]
[Black "Dragomirescu, Robin-Alexandru"]
[WhiteFideId "25060783"]
[BlackFideId "1213849"]
[WhiteElo "2947"]
[BlackElo "2507"]
[Result "1-0"]
[Round "2"]
[TimeControl "180+2"]
[Date "2023.07.11"]
[WhiteClock "0:00:02"]
[BlackClock "0:00:03"]
[Board "93"]

1. e4 g6 2. d4 Nf6 3. Nc3 d5 4. e5 Ne4 5. h4 h5 6. Bd3 Nxc3 7. bxc3 c5 8. Nf3 c4 9. Be2 Bg4 10. Ng5 Bxe2 11. Qxe2 e6 12. a4 Nc6 13. Rh3 Ne7 14. Rf3 Nf5 15. g3 Be7 16. Kf1 Qa5 17. Kg2 a6 18. Bb2 Rb8 19. Qd2 Kf8 20. Nh3 Kg7 21. Qc1 Qc7 22. Ba3 b5 23. axb5 axb5 24. Ng5 Ra8 25. Bxe7 Qxe7 26. Rb1 Rhb8 27. Nh3 Ra2 28. Nf4 b4 29. Qd1 Rb7 30. Ne2 b3 31. cxb3 Rxb3 32. Nf4 Qa3 33. Rc1 Rbb2 34. Qe1 Rd2 35. Rd1 Rdc2 36. Rb1 Rab2 37. Ra1 Ra2 38. Rb1 Rcb2 39. Qc1 Qb3 40. Rxb2 Qxb2 41. Qe1 Qc2 42. Kg1 Qe4 43. Qd1 Rb2 44. Kh2 Rb1 45. Qe2 Qxe2 46. Nxe2 Rb2 47. Nf4 Rc2 48. Kh3 Kf8 49. g4 hxg4+ 50. Kxg4 Ke7 51. h5 gxh5+ 52. Nxh5 Rc1 53. Nf6 Rg1+ 54. Kf4 Nh4 55. Rh3 Nf5 56. Rh8 Ng7 57. Ke3 Rc1 58. Kd2 Rf1 59. Ke2 Rc1 60. Rg8 Rg1 61. f3 Rg2+ 62. Kf1 Rg6 63. Kf2 Nf5 64. Re8# 1-0


[Site "https://www.chess.com"]

[Event "Titled Tuesday Blitz July 11 Late 2023"]
[White "Maksimovic, Bojan"]
[Black "Flynn, Jacob"]
[WhiteFideId "14408120"]
[BlackFideId "2509393"]
[WhiteElo "2841"]
[BlackElo "2451"]
[Result "1-0"]
[Round "2"]
[TimeControl "180+2"]
[Date "2023.07.11"]
[WhiteClock "0:02:04"]
[BlackClock "0:02:01"]
[Board "94"]

1. Nf3 d5 2. g3 c5 3. Bg2 Nc6 4. O-O Nf6 5. d3 e5 6. Nbd2 Be7 7. e4 d4 8. Nc4 Nd7 9. a4 h5 10. h4 Qc7 11. c3 Nf8 12. cxd4 cxd4 13. Bd2 Be6 14. Rc1 Ng6 15. b4 Qb8 16. b5 Nd8 17. Ng5 Bxg5 18. Bxg5 f6 19. Bd2 Bg4 20. Qb3 Be6 21. Bb4 Kf7 22. Qa3 Bxc4 23. Rxc4 Ne6 24. Bh3 Rc8 25. Rxc8 Qxc8 26. Rc1 Qd8 27. Qb3 Qd7 28. Bxe6+ 1-0


[Site "https://www.chess.com"]

[Event "Titled Tuesday Blitz July 11 Late 2023"]
[White "JERO-8914"]
[Black "carokannlover213"]
[WhiteElo "2468"]
[BlackElo "2786"]
[Result "0-1"]
[Round "2"]
[TimeControl "180+2"]
[Date "2023.07.11"]
[WhiteClock "0:00:15"]
[BlackClock "0:00:13"]
[Board "95"]

1. c4 e6 2. d4 Nf6 3. Nf3 d5 4. g3 dxc4 5. Bg2 Bd7 6. Ne5 Bc6 7. Nxc6 Nxc6 8. e3 Qd7 9. O-O O-O-O 10. Qa4 Nd5 11. Qxc4 h5 12. h4 f6 13. Nc3 g5 14. hxg5 fxg5 15. e4 Nb6 16. Qd3 Nxd4 17. Bxg5 Be7 18. Bxe7 Qxe7 19. e5 h4 20. Qe4 c6 21. Rad1 h3 22. Rxd4 Rxd4 23. Qxd4 hxg2 24. Kxg2 Qh7 25. Qg4 Qh2+ 26. Kf3 Rf8+ 27. Ke2 Kb8 28. Qxe6 Qh5+ 29. g4 Qh8 30. Qd6+ Ka8 31. Rh1 Qg8 32. f3 Rd8 33. Qb4 Qg5 34. Rd1 Qxe5+ 35. Qe4 Qh2+ 36. Ke3 Qh6+ 37. Ke2 Qh2+ 38. Ke3 Rf8 39. Rd2 Qg1+ 40. Kd3 Qc1 41. Ke2 Rh8 42. Qf4 Re8+ 43. Kf2 Qe1+ 44. Kg2 Nc4 45. Rd4 Ne3+ 46. Kh2 Qf2+ 47. Kh1 Qg2# 0-1


[Site "https://www.chess.com"]

[Event "Titled Tuesday Blitz July 11 Late 2023"]
[White "Leitao, Rafael"]
[Black "i_like_explosions"]
[WhiteFideId "2101246"]
[WhiteElo "2752"]
[BlackElo "2418"]
[Result "1-0"]
[Round "2"]
[TimeControl "180+2"]
[Date "2023.07.11"]
[WhiteClock "0:00:48"]
[BlackClock "0:01:02"]
[Board "96"]

1. c4 Nf6 2. Nc3 g6 3. g3 Bg7 4. Bg2 d6 5. d4 O-O 6. h3 c5 7. e3 Nc6 8. Nge2 cxd4 9. exd4 a6 10. O-O Rb8 11. Be3 e5 12. Qd2 Ne7 13. Rfd1 Qc7 14. dxe5 dxe5 15. Rac1 Nf5 16. Bg5 Be6 17. Nd5 Bxd5 18. cxd5 Qd6 19. Nc3 Nd4 20. Be3 Nd7 21. Ne4 Qb6 22. f4 f5 23. Ng5 Rfc8 24. Rxc8+ Rxc8 25. fxe5 Bxe5 26. Bxd4 Qd6 27. Bxe5 Nxe5 28. Kh2 b5 29. Ne6 Rc4 30. b3 Rc8 31. Re1 Nf7 32. Qd4 1-0


[Site "https://www.chess.com"]

[Event "Titled Tuesday Blitz July 11 Late 2023"]
[White "Martin Barcelo, Carles"]
[Black "Oro, Faustino"]
[WhiteFideId "24561444"]
[BlackFideId "20000197"]
[WhiteElo "2430"]
[BlackElo "2740"]
[Result "0-1"]
[Round "2"]
[TimeControl "180+2"]
[Date "2023.07.11"]
[WhiteClock "0:01:15"]
[BlackClock "0:01:22"]
[Board "97"]

1. e4 c5 2. Nc3 Nc6 3. Bb5 Nd4 4. Nf3 e6 5. O-O Ne7 6. Nxd4 cxd4 7. Ne2 a6 8. Bd3 Nc6 9. c3 Bc5 10. Qa4 dxc3 11. dxc3 O-O 12. Bf4 e5 13. Bg3 d6 14. Rad1 Qc7 15. Bc4 b5 16. Bxb5 axb5 17. Qxa8 Bb7 18. Qxf8+ Kxf8 19. a3 Ne7 20. Bh4 Bxe4 21. Bxe7+ Qxe7 22. Ng3 Bb7 23. Rfe1 g6 24. Re2 h5 25. h3 Ba7 26. Red2 h4 27. Nf1 Qg5 28. Ne3 Bxe3 29. fxe3 Qxe3+ 30. Kh2 Qg3+ 31. Kg1 e4 32. Rxd6 e3 0-1


[Site "https://www.chess.com"]

[Event "Titled Tuesday Blitz July 11 Late 2023"]
[White "Schwabeneder, Florian"]
[Black "Slovineanu, Viacheslav"]
[WhiteFideId "1626191"]
[BlackFideId "13900510"]
[WhiteElo "2656"]
[BlackElo "2370"]
[Result "1-0"]
[Round "2"]
[TimeControl "180+2"]
[Date "2023.07.11"]
[WhiteClock "0:00:09"]
[BlackClock "0:00:00"]
[Board "98"]

1. e4 c6 2. Nf3 d5 3. d3 Qc7 4. Nbd2 e5 5. d4 exd4 6. exd5 Nf6 7. Nxd4 Nxd5 8. Bc4 Be7 9. O-O O-O 10. Re1 Bf6 11. Ne4 Be5 12. Nf3 Nb6 13. Nxe5 Qxe5 14. Nd6 Qf6 15. Bb3 N8d7 16. a4 Nc5 17. Ne4 Nxe4 18. Rxe4 Bf5 19. Rd4 Rad8 20. Be3 c5 21. Rxd8 Rxd8 22. Qc1 Qc6 23. a5 Nd5 24. Bg5 f6 25. Bh4 Kh8 26. Qd2 Re8 27. Qxd5 Qxd5 28. Bxd5 Bxc2 29. h3 g5 30. Bg3 Kg7 31. Bxb7 f5 32. Rc1 Bb3 33. f3 c4 34. Kf1 Rb8 35. Bd5 Rb5 36. Be6 1-0


[Site "https://www.chess.com"]

[Event "Titled Tuesday Blitz July 11 Late 2023"]
[White "Prydun, Andriy"]
[Black "Skliarov, Viktor"]
[WhiteFideId "14145898"]
[BlackFideId "14106736"]
[WhiteElo "2378"]
[BlackElo "2628"]
[Result "0-1"]
[Round "2"]
[TimeControl "180+2"]
[Date "2023.07.11"]
[WhiteClock "0:00:00"]
[BlackClock "0:00:17"]
[Board "99"]

1. d4 Nf6 2. Nd2 c5 3. dxc5 Qa5 4. a3 Qxc5 5. c4 a5 6. e3 b6 7. Be2 Bb7 8. Bf3 Nc6 9. Ne2 e6 10. O-O Be7 11. Nc3 O-O 12. b3 d5 13. Bb2 dxc4 14. Nxc4 b5 15. Nd2 Rfd8 16. Qe2 b4 17. Nce4 Nxe4 18. Nxe4 Qb6 19. Rfc1 bxa3 20. Bxa3 Bxa3 21. Rxa3 Ne5 22. Nd2 Rxd2 23. Qxd2 Bxf3 24. Qd4 Qb8 25. Rc5 Bd5 26. e4 Nc6 27. Qc3 Bxe4 28. Rxc6 Bxc6 29. Qxc6 h6 30. h3 Ra7 31. b4 axb4 32. Rxa7 Qxa7 33. Qe8+ Kh7 34. Qb5 Qd4 35. Qc6 Qd1+ 36. Kh2 Qd5 37. Qc7 f5 38. Qf7 b3 39. f3 Qe5+ 0-1


[Site "https://www.chess.com"]

[Event "Titled Tuesday Blitz July 11 Late 2023"]
[White "Ehlvest, Jaan"]
[Black "Andreassen, Lars"]
[WhiteFideId "4500016"]
[BlackFideId "1504878"]
[WhiteElo "2624"]
[BlackElo "2367"]
[Result "0-1"]
[Round "2"]
[TimeControl "180+2"]
[Date "2023.07.11"]
[WhiteClock "0:00:00"]
[BlackClock "0:00:07"]
[Board "100"]

1. e4 d6 2. d4 Nf6 3. Nc3 e5 4. Nf3 Nbd7 5. Bc4 Be7 6. O-O O-O 7. a4 c6 8. Re1 Qc7 9. h3 Re8 10. Ba2 h6 11. Bb3 b6 12. Nh4 exd4 13. Qxd4 Nc5 14. Ba2 Be6 15. Be3 Bxa2 16. Rxa2 Ne6 17. Qd3 Rad8 18. Nf5 Bf8 19. Raa1 d5 20. exd5 Nxd5 21. Nxd5 Rxd5 22. Qe4 Red8 23. c4 R5d7 24. Qg4 Kh7 25. Rad1 g6 26. Ng3 Bg7 27. Rxd7 Qxd7 28. b4 Bc3 29. Ne4 f5 30. Qh4 fxe4 31. Qxh6+ Kg8 32. Qxg6+ Ng7 33. Rc1 Bd4 34. Qxe4 c5 35. Rd1 Qxa4 36. Rd2 Qd7 37. bxc5 bxc5 38. Bxd4 cxd4 39. c5 d3 40. c6 Qc7 41. Qc4+ Kh8 42. Qh4+ Kg8 43. Qc4+ Kf8 44. h4 Rd6 45. Qf4+ Kg8 46. Rxd3 Rxc6 47. Qxc7 Rxc7 48. Rd4 Ne6 49. Rd5 Kf7 50. g3 a6 51. Ra5 Ra7 52. Kg2 Nd4 53. g4 Nc6 54. Rf5+ Ke6 55. h5 a5 56. Rc5 Kd6 57. Rc1 a4 58. g5 a3 59. h6 a2 60. Ra1 Nb4 61. g6 Nc2 62. h7 Nxa1 63. h8=Q Nb3 64. Qf8+ Kc6 65. Qf6+ Kb5 66. Qe5+ Nc5 67. Qb8+ Rb7 68. Qa8 Rb6 0-1


[Site "https://www.chess.com"]

[Event "Titled Tuesday Blitz July 11 Late 2023"]
[White "Sadykov, Ramil"]
[Black "Bogaudinov, Rushan"]
[WhiteFideId "24113590"]
[BlackFideId "4129288"]
[WhiteElo "2611"]
[BlackElo "2365"]
[Result "1-0"]
[Round "2"]
[TimeControl "180+2"]
[Date "2023.07.11"]
[WhiteClock "0:00:04"]
[BlackClock "0:00:03"]
[Board "101"]

1. d4 d5 2. c4 e6 3. Nf3 Nf6 4. g3 Bb4+ 5. Bd2 a5 6. Bg2 O-O 7. O-O Nc6 8. Bg5 Be7 9. e3 dxc4 10. Nbd2 h6 11. Bxf6 Bxf6 12. Nxc4 Re8 13. Rc1 a4 14. Qd2 Be7 15. Rfd1 Bb4 16. Qc2 Bd7 17. a3 Bf8 18. e4 Na5 19. Nxa5 Rxa5 20. Qxc7 Bc6 21. Qxd8 Rxd8 22. Ne5 Rb5 23. Nxc6 bxc6 24. Rd2 Rdb8 25. Rcc2 g6 26. f4 Bg7 27. e5 Bf8 28. Bxc6 Rb3 29. Bxa4 R3b6 30. Bc6 h5 31. Be4 Kg7 32. b4 Ra6 33. Rd3 h4 34. Kg2 hxg3 35. hxg3 Be7 36. Rc7 Bd8 37. Rd7 Rc8 38. d5 exd5 39. Bxd5 Rc2+ 40. Kf3 Kh6 41. Rxd8 Ra2 42. Bxa2 Ra8 43. Rxa8 f5 44. Rd7 g5 45. Ra6+ Kh5 46. Rh7# 1-0


[Site "https://www.chess.com"]

[Event "Titled Tuesday Blitz July 11 Late 2023"]
[White "Weisz, Bryan"]
[Black "Garcia Ramos, Daniel"]
[WhiteFideId "30934133"]
[BlackFideId "32010311"]
[WhiteElo "2336"]
[BlackElo "2607"]
[Result "0-1"]
[Round "2"]
[TimeControl "180+2"]
[Date "2023.07.11"]
[WhiteClock "0:00:05"]
[BlackClock "0:00:38"]
[Board "102"]

1. e4 e5 2. Nf3 Nc6 3. Bc4 Bc5 4. c3 Nf6 5. d3 O-O 6. b4 Bb6 7. a4 a6 8. a5 Ba7 9. Na3 d5 10. exd5 Nxd5 11. Qb3 Be6 12. Nc2 h6 13. O-O Qd7 14. Re1 Qd6 15. Ne3 Nf4 16. Ba3 Bxc4 17. Nxc4 Qxd3 18. Ncxe5 Nxe5 19. Nxe5 Qf5 20. Ra2 Rae8 21. Nf3 Qg4 22. g3 Qxf3 23. Qd1 Qg2# 0-1


[Site "https://www.chess.com"]

[Event "Titled Tuesday Blitz July 11 Late 2023"]
[White "NovoselovRoman"]
[Black "Fajdetic, Hrvoje"]
[BlackFideId "14501945"]
[WhiteElo "2599"]
[BlackElo "2327"]
[Result "0-1"]
[Round "2"]
[TimeControl "180+2"]
[Date "2023.07.11"]
[WhiteClock "0:00:00"]
[BlackClock "0:00:12"]
[Board "103"]

1. e4 c5 2. Nc3 g6 3. Nf3 Bg7 4. g3 e5 5. Bg2 Ne7 6. O-O d6 7. d3 h6 8. Be3 O-O 9. Qd2 Kh7 10. Ne2 Nbc6 11. c3 f5 12. Nh4 d5 13. exf5 Nxf5 14. Nxf5 Rxf5 15. Bxc5 d4 16. Be4 Rf6 17. f4 Bh3 18. Rf2 b6 19. Ba3 Rc8 20. fxe5 Rxf2 21. Kxf2 dxc3 22. bxc3 Nxe5 23. Nf4 Nc4 24. Qe2 Nxa3 25. Nxh3 Rxc3 26. Kg1 Rc2 27. Qg4 Qd4+ 28. Kh1 Qxa1+ 29. Ng1 Qf6 30. h4 Rc5 31. h5 Rg5 32. hxg6+ Kh8 33. Qc8+ Qf8 34. Qe6 Nb5 35. Nf3 Nd4 36. Qf7 Nxf3 37. Bxf3 Rf5 0-1


[Site "https://www.chess.com"]